Map: Interloper LE

Players

Metasapien - Winner!

  • Race: Zerg Zerg
  • League: Gold
  • Spawn Location: 5:00

Icygrip

  • Race: Zerg Zerg
  • League: Gold
  • Spawn Location: 11:00

VOD

Have the link to the VOD?

Description

Time

  • Played on: Sept. 16, 2017, 6:55 p.m.
  • Length: 15:05
Show
View Real Time Build Order
Export as new Build Order

Metasapien Zerg - Winner!

Build Orders: Hatch First 

Get SALT Encoding   

  12  0:03  Drone  
  13  0:13  Overlord  
  13  0:19  Drone  
  14  0:24  Drone, Extractor  
  15  0:34  Drone  
  16  0:38  Drone  
  17  0:56  Hatchery  
  16  0:58  Drone  
  16  1:02  Drone  
  18  1:17  Spawning Pool  
  17  1:19  Extractor  
  17  1:20  Drone  
  17  1:22  Drone  
  18  1:38  Overlord  
  18  1:47  Drone  
  19  1:54  Drone  
  20  2:03  Drone  
  20  2:04  Queen  
  23  2:10  Queen  
  23  2:11  Drone  
  23  2:12  Overlord  
  26  2:23  Extractor  
  26  2:25  Drone  
  26  2:27  Drone  
  27  2:30  Metabolic Boost  
  27  2:32  Drone  
  28  2:37  Overlord  
  28  2:50  Drone  
  29  2:51  Drone  
  30  2:58  Drone, Roach Warren  
  30  3:05  Drone x2  
  31  3:10  Spine Crawler  
  31  3:13  Drone  
  31  3:16  Spine Crawler  
  31  3:17  Drone  
  31  3:18  Zergling x4  
  34  3:20  Zergling x2  
  34  3:23  Drone  
  34  3:25  Drone  
  37  3:27  Drone  
  37  3:31  Drone  
  39  3:38  Drone  
  39  3:40  Roach  
  42  3:51  Roach x4  
  50  3:56  Drone x2  
  50  3:58  Overlord  
  50  3:59  Overlord  
  52  4:16  Drone  
  53  4:18  Drone  
  53  4:22  Roach x3  
  60  4:24  Overlord  
  60  4:25  Overlord  
  60  4:28  Extractor  
  60  4:29  Extractor  
  58  4:40  Roach x2  
  58  4:41  Roach x2  
  58  4:42  Zergling x2  
  61  4:51  Roach x2  
  49  5:08  Roach x5  
  48  5:22  Roach x4  
  48  5:50  Drone x3  
  50  6:03  Roach x3  
  50  6:04  Roach x2  
  56  6:05  Hatchery  
  51  6:26  Zergling x8  
  53  6:37  Zergling x4  
  50  7:09  Drone  
  50  7:10  Drone x2  
  50  7:12  Queen  
  50  7:13  Queen  
  57  7:23  Drone  
  58  7:34  Zergling x6  
  58  7:35  Zergling x6  
  64  7:38  Roach Warren  
  63  7:44  Drone x2  
  63  7:45  Overlord x2, Drone  
  63  7:46  Overlord  
  66  7:53  Lair  
  66  7:59  Queen  
  66  8:00  Drone  
  69  8:16  Spine Crawler  
  69  8:18  Drone x2  
  70  8:23  Drone  
  70  8:24  Drone x3  
  70  8:25  Drone x2  
  76  8:28  Extractor  
  76  8:30  Extractor  
  74  8:37  Roach x2  
  74  8:38  Roach x6  
  81  8:57  Lair  
  78  9:03  Roach x5  
  78  9:04  Roach x4  
  92  9:14  Drone  
  92  9:15  Drone  
  92  9:34  Hatchery  
  92  9:36  Roach x4  
  92  9:37  Spine Crawler  
  97  9:52  Ravager  
  97  9:53  Ravager x2  
  97  9:59  Roach x2  
  107  10:00  Roach x2  
  107  10:01  Glial Reconstitution  
  107  10:05  Pneumatized Carapace  
  107  10:21  Queen  
  96  10:41  Drone  
  96  10:42  Hydralisk Den, Drone x2  
  97  10:43  Drone  
  97  10:48  Queen  
  97  10:56  Queen  
  96  11:05  Drone x2  
  96  11:06  Drone  
  96  11:07  Queen  
  96  11:10  Drone x3  
  101  11:11  Overlord x3  
  95  11:26  Spore Crawler x2  
  95  11:31  Spore Crawler  
  92  11:34  Hydralisk x6  
  92  11:35  Spore Crawler  
  97  11:40  Ravager x4  
  97  11:41  Ravager x3  
  98  12:07  Hydralisk x6  
  93  12:25  Drone x2  
  94  12:33  Drone x6  
  94  12:34  Drone  
  95  13:20  Roach, Hydralisk x4  
  95  13:21  Hydralisk x3, Roach x4  
  95  13:22  Roach x2  
  95  13:24  Overlord x2  
  123  13:53  Hydralisk  
  123  13:54  Roach x2, Hydralisk x2  
  123  13:55  Overlord x2, Roach  
  135  13:56  Overlord  
  135  14:01  Zergling x2  
  135  14:02  Zergling x4  
  138  14:14  Drone  
  138  14:16  Drone x3  
  142  14:22  Extractor  
  141  14:24  Extractor  
Show
View Real Time Build Order
Export as new Build Order

Icygrip Zerg 

Build Orders: Pool First, Roach Nydus 

Get SALT Encoding   

  12  0:04  Drone  
  13  0:26  Spawning Pool  
  13  0:27  Drone  
  13  0:39  Drone  
  13  0:42  Overlord  
  14  0:59  Extractor  
  14  1:01  Drone x2  
  15  1:16  Zergling x4  
  15  1:18  Queen  
  19  1:25  Drone  
  20  1:37  Drone  
  21  1:54  Zergling x2  
  22  1:58  Overlord  
  22  2:08  Lair  
  22  2:12  Extractor  
  21  2:16  Drone  
  22  2:26  Zergling x2  
  23  2:33  Roach Warren  
  23  2:37  Drone x3  
  25  2:50  Overlord  
  25  3:00  Drone x2  
  27  3:15  Roach  
  27  3:16  Roach x2  
  27  3:17  Nydus Network  
  32  3:31  Roach  
  34  3:41  Roach x2  
  38  3:42  Overlord  
  38  4:01  Roach x2  
  42  4:12  Nydus Canal  
  42  4:19  Roach x2  
  46  4:28  Spine Crawler  
  41  4:55  Roach x2  
  41  4:56  Overlord x2  
  39  5:33  Roach x6  
  39  5:34  Glial Reconstitution  
  41  5:53  Roach  
  37  6:32  Roach x2  
  43  6:33  Roach  
  39  6:51  Roach  
  31  6:57  Roach  
  33  7:11  Roach x2  
  33  7:12  Roach x2  
  41  7:31  Roach x2  
  45  7:41  Hatchery  
  45  7:42  Roach x3  
  50  8:09  Drone x2, Spire  
  51  8:16  Nydus Canal  
  51  9:01  Roach x6  
  51  9:05  Roach x3  
  39  9:27  Drone x2  
  39  9:28  Drone  
  39  9:31  Mutalisk x2  
  42  9:34  Mutalisk  
  48  9:38  Mutalisk  
  50  9:56  Drone  
  50  9:57  Drone  
  52  10:00  Mutalisk x2  
  56  10:11  Mutalisk  
  44  10:30  Mutalisk x2  
  46  10:49  Mutalisk  
  48  11:13  Mutalisk  
  32  12:29  Roach x3  
  38  12:33  Extractor  
  38  12:34  Drone x3  
  38  12:36  Queen  
  42  12:39  Queen  
  44  12:45  Spine Crawler  
  44  12:47  Spine Crawler  
  40  13:03  Drone  
  40  13:04  Drone  
  32  13:08  Mutalisk x3  
  32  13:12  Queen  
  38  13:15  Queen  
  38  13:26  Mutalisk  
  38  13:35  Spire  
  38  13:38  Extractor  
  38  13:39  Drone x3  
  24  14:14  Spawning Pool  
Tags
 
Add a new tag
Caveats
  • Supply blocks, unpowered buildings, or Contaminate may cause inaccurate times.
  • Supply counts are checked every 10 seconds.